 Dungeon Crawl Stone Soup version 0.29-a0-356-g7bc237e783 (webtiles) character file.

Game seed: 384645381812119916

56 Morbidden the Conjurer (level 3, 0/25 HPs)
             Began as a Demonspawn Conjurer on Apr 25, 2022.
             Killed by nerve-wracking pain
             ... invoked by Jessica
              (12 damage)
             ... on level 2 of the Dungeon.
             The game lasted 00:01:31 (1929 turns).

Morbidden the Conjurer (Demonspawn Conjurer)        Turns: 1929, Time: 00:01:32

Health: 0/25       AC:  3    Str:  7    XL:     3   Next: 71%
Magic:  0/6        EV: 11    Int: 21    God:
Gold:   87         SH:  3    Dex: 11    Spells: 4/7 levels left

rFire   . . .      SeeInvis .   a - +0 dagger
rCold   . . .      Faith    .   p - +0 buckler
rNeg    . . .      Spirit   .   g - +0 robe
rPois   .          Reflect  .   (no helmet)
rElec   .          Harm     .   (no cloak)
rCorr   +          Rampage  .   (no gloves)
Will    .....                   o - +0 pair of boots
Stlth   ++........              (no amulet)
HPRegen 0.08/turn               d - ring of resist corrosion
MPRegen 0.10/turn               (no ring)

@: lethally poisoned (0 -> -4)
A: powered by pain 1
a: no special abilities


You were on level 2 of the Dungeon.
You visited 1 branch of the dungeon, and saw 2 of its levels.

You collected 87 gold pieces.

Inventory:

Hand Weapons
 a - a +0 dagger (weapon)
Armour
 g - a +0 robe (worn)
 o - a +0 pair of boots (worn)
 p - a +0 buckler (worn)
Jewellery
 d - a ring of resist corrosion (left hand)
Scrolls
 f - a scroll of holy word {unknown}
 k - a scroll of enchant weapon {unknown}
 l - a scroll of teleportation {unknown}
 n - a scroll of brand weapon {unknown}
 q - a scroll of magic mapping {unknown}
Potions
 b - a potion of magic
 c - a potion of invisibility {unknown}
 e - a potion of brilliance {unknown}
 h - 2 potions of heal wounds {unknown}
 i - a potion of mutation {unknown}
 j - a potion of curing {unknown}
 m - a potion of might {unknown}


   Skills:
 * Level 0.6 Fighting
 + Level 1.9 Dodging
 + Level 1.8 Stealth
 * Level 2.5 Spellcasting
 * Level 4.9 Conjurations


You had 4 spell levels left.
You knew the following spells:

 Your Spells              Type           Power      Damage    Failure   Level
a - Magic Dart            Conj           92%        1d7       2%          1
b - Searing Ray           Conj           46%        2d6       3%          2

Your spell library contained the following spells:

 Spells                   Type           Power      Damage    Failure   Level
 Dazzling Flash           Conj/Hex       24%        N/A       21%         3
 Fulminant Prism          Conj/Hex       6%         3d7       56%         4
 Iskenderun's Mystic Bla  Conj/Tloc      12%        2d5       56%         4


Dungeon Overview and Level Annotations

Branches:
Dungeon (2/15)

Altars:

Annotations:
D:2 Jessica


Innate Abilities, Weirdness & Mutations

You sometimes gain a little power by taking damage.


Message History

Casting: Magic Dart (safe; 2% risk of failure)
Confirm with . or Enter, or press ? or * to list all spells.
Aiming: Magic Dart (safe; 2% risk of failure)
Press: ? - help, Shift-Dir - straight line, f/p - hobgoblin
Aim: a hobgoblin (moderately wounded, 100% to hit)
The magic dart hits the hobgoblin but does no damage.
The hobgoblin is moderately wounded.
A bat comes into view.
Jessica the Apprentice Sorceress comes into view.
She is wielding a +0 dagger of venom.
Casting: Magic Dart (safe; 2% risk of failure)
Confirm with . or Enter, or press ? or * to list all spells.
Aiming: Magic Dart (safe; 2% risk of failure)
Press: ? - help, Shift-Dir - straight line, f/p - hobgoblin
Aim: a hobgoblin (moderately wounded, 100% to hit)
The magic dart hits the hobgoblin.
You kill the hobgoblin!
Jessica mumbles some strange words.
Jessica blinks!
Unknown command.
Found 9 gold pieces.
Jessica hits you with a +0 dagger of venom.
You are poisoned.
You barely miss Jessica.
You feel sick. The bat hits you but does no damage.
Jessica hits you with a +0 dagger of venom.
You closely miss Jessica.
You feel sick. The bat hits you but does no damage.
Jessica gestures wildly.
Jessica hits you with a +0 dagger of venom.
Unknown command.
Casting: Magic Dart (safe; 2% risk of failure)
Confirm with . or Enter, or press ? or * to list all spells.
Aiming: Magic Dart (safe; 2% risk of failure)
Press: ? - help, Shift-Dir - straight line, f - Jessica
Aim: Jessica, wielding a +0 dagger of venom and wearing a +0 robe (100% to hit)
The magic dart hits Jessica.
Jessica is severely wounded.
You feel sick. The bat closely misses you. You block the bat's attack.
Jessica mumbles something strange.
Jessica gestures at you while chanting. Pain shoots through your body!
You die...

.........#####..........#
#........# #..........#
#........# #........###
#........# #........#
#........# #........#
#........# #........#
########## #........#...
##..)........
#.@b........ #@..........
(.............
#.#............
†?#)..?.........
$##.#.#+######### #$#. .
..


You could see Jessica and a bat.

Vanquished Creatures
  An ufetubus (D:2)
  A dart slug (D:2)
  An orc (D:2)
  2 bats
  9 endoplasms
  5 goblins
  2 hobgoblins (D:2)
  5 jackals
  5 kobolds
  2 quokkas (D:1)
  4 ball pythons
  2 frilled lizards
  A rat (D:2)
40 creatures vanquished.

Notes
Turn   | Place    | Note
-------+----------+-------------------------------------------
     0 | D:1      | Morbidden the Demonspawn Conjurer began the quest for the
                  | Orb.
     0 | D:1      | Reached XP level 1. HP: 13/13 MP: 3/3
   235 | D:1      | Gained mutation: You sometimes gain a little power by
                  | taking damage. [demonic ancestry]
   235 | D:1      | Reached XP level 2. HP: 19/19 MP: 1/5
   429 | D:1      | Found a faded altar of an unknown god.
  1099 | D:2      | Learned a level 2 spell: Searing Ray
  1243 | D:2      | Reached XP level 3. HP: 20/25 MP: 1/6
  1924 | D:2      | Noticed Jessica
  1929 | D:2      | Killed from afar by Jessica

Illustrated notes

Levels and vault maps discovered:
D:1:      amcnicky_arrival_blooded_trapdoor, layout_basic,
          hellmonk_ecumenical_altar_dog_temple
D:2:      layout_basic, basic_altar, minmay_small_reverse_x, uniq_sigmund,
          uniq_jessica

Action                   || total
-------------------------++-------
Melee: Dagger            ||    28
 Cast: Magic Dart        ||    75
Armor: Robe              ||     8
Dodge: Dodged            ||    23
Block: Buckler           ||     1

Table legend: (Time is in decaauts)
 A = Elapsed time spent in this place.
 B = Non-inter-level travel time spent in this place.
 C = Inter-level travel time spent in this place.
 D = Time resting spent in this place.
 E = Time spent auto-exploring this place.
 F = Levels seen in this place.
 G = Mean time per level.
                   A        B        C        D        E       F      G
               +--------+--------+--------+--------+--------+-----+--------+
         Total |   1928 |   1850 |     78 |     34 |   1591 |   2 |  964.0 |
       Dungeon |   1928 |   1850 |     78 |     34 |   1591 |   2 |  964.0 |
               +--------+--------+--------+--------+--------+-----+--------+

Top non-repeatable levels by time:
     D:1: 1043 daAuts
     D:2: 885 daAuts
